 Dungeon Crawl Stone Soup version 0.19.0-22-gd96e5fe (webtiles) character file.

77 jerryfan the Firebug (level 3, 0/27 HPs)
             Began as a Demigod Fire Elementalist on Nov 18, 2016.
             Succumbed to an adder's poison
             ... on level 2 of the Dungeon.
             The game lasted 00:09:38 (2191 turns).

jerryfan the Firebug (Demigod Fire Elementalist)    Turns: 2191, Time: 00:09:38

Health: 0/27       AC:  2    Str: 10 (11) XL:     3   Next: 91%
Magic:  0/9        EV: 13    Int: 24 (26) God:
Gold:   58         SH:  0    Dex: 16      Spells: 3 memorised, 0 levels left

rFire  . . .     SeeInvis .     g - +0 dagger
rCold  . . .     Gourm    .     a - +0 robe
rNeg   . . .     Faith    .     (no shield)
rPois  .         Spirit   .     (no helmet)
rElec  .         Reflect  .     (no cloak)
rCorr  .         Harm     .     (no gloves)
MR     .....                    (no boots)
Stlth  ++........               (no amulet)
                                (no ring)
                                (no ring)

@: brilliant, lethally poisoned (0 -> -5), very slightly contaminated
A: high mp 1
a: no special abilities


You were on level 2 of the Dungeon.
You were not hungry.

You visited 1 branch of the dungeon, and saw 2 of its levels.

You collected 58 gold pieces.

Inventory:

Hand Weapons
 g - a +0 dagger (weapon)
 j - a +0 short sword
Armour
 a - a +0 robe (worn)
Scrolls
 l - a scroll of identify
Books
 b - a book of Flames

   Spells                             Type                      Level
   a - Flame Tongue                   Conjuration/Fire             1
   b - Throw Flame                    Conjuration/Fire             2
   c - Conjure Flame                  Conjuration/Fire             3
   d - Inner Flame                    Hexes/Fire                   3
   e - Sticky Flame                   Conjuration/Fire             4
   f - Fireball                       Conjuration/Fire             5
 h - a book of Misfortune

   Spells                             Type                      Level
   a - Confusing Touch                Hexes                        1
   b - Confuse                        Hexes                        3
   c - Gell's Gravitas                Hexes/Translocation          3
   d - Petrify                        Transmutation/Earth          4
   e - Metabolic Englaciation         Hexes/Ice                    5
   f - Yara's Violent Unravelling     Hexes/Transmutation          5
Comestibles
 c - 4 bread rations
 k - 3 chunks of flesh
 m - a meat ration


   Skills:
 + Level 0.3 Fighting
 + Level 0.5 Short Blades
 + Level 2.0 Dodging
 + Level 1.9 Stealth
 + Level 0.6 Unarmed Combat
 + Level 2.3 Spellcasting
 + Level 1.5 Conjurations
 + Level 3.3 Fire Magic


You couldn't memorise any spells.
You knew the following spells:

 Your Spells              Type           Power        Failure   Level  Hunger
a - Flame Tongue          Conj/Fire      ####.        1%          1    None
b - Throw Flame           Conj/Fire      ####..       1%          2    ##.....
c - Inner Flame           Hex/Fire       ####....     2%          3    ###....


Dungeon Overview and Level Annotations

Branches:
Dungeon (2/15)


Innate Abilities, Weirdness & Mutations

You have an increased reservoir of magic. (+10% MP)


Message History

Forget which spell ([?*] list [ESC] exit)?
Forget which spell ([?*] list [ESC] exit)?
Okay, then.
You feel sick. The adder bites you.
* * * LOW HITPOINT WARNING * * *
You are more poisoned.
The adder poisons you!
As you read the scroll of immolation, it crumbles to dust.
The creatures around you are filled with an inner flame!
The adder misses you.
You hit the adder but do no damage.
The adder is heavily wounded.
* * * LOW HITPOINT WARNING * * *
You feel sick. The adder bites you but does no damage. The adder misses you.
You hit the adder.
The adder is heavily wounded.
The adder bites you but does no damage.
You hit the adder but do no damage.
The adder is heavily wounded.
You die...

#.#.........#####.#
##...............(..
##............#######
##.............#
#..............#
##.............#
##............#
##.#.........#
##@.........# ##
#S########## #. #g#
#. #.# #. # ##.######
#. #.#...#.#.# #.
#..#..#.## #.
#..###..#.# ##
##?.##.##.g## #


You could see an adder (inner flame) and a hobgoblin (inner flame).

Vanquished Creatures
  Terence (D:2)
  An adder (D:2)
  3 dart slugs
  2 leopard geckos (D:2)
  5 bats
  2 giant cockroaches (D:1)
  3 goblins (D:2)
  4 hobgoblins
  5 kobolds
  A quokka (D:2)
  A ball python (D:2)
  3 frilled lizards
  4 rats
35 creatures vanquished.

Notes
Turn   | Place    | Note
-------+----------+-------------------------------------------
     0 | D:1      | jerryfan the Demigod Fire Elementalist began the quest for the Orb.
     0 | D:1      | Reached XP level 1. HP: 14/14 MP: 5/5
    11 | D:1      | You fall through a shaft!
   450 | D:1      | Reached skill level 3 in Fire Magic
   532 | D:1      | Reached skill level 1 in Conjurations
   773 | D:1      | Reached XP level 2. HP: 20/20 MP: 2/7
  1431 | D:2      | Reached XP level 3. HP: 26/26 MP: 4/8
  1487 | D:2      | Learned a level 2 spell: Throw Flame
  1491 | D:2      | Learned a level 3 spell: Inner Flame
  1527 | D:2      | Noticed Terence
  1554 | D:2      | Killed Terence
  2189 | D:2      | HP: 1/27 [poisoned by an adder]
  2191 | D:2      | Succumbed to an adder's poison

Skill      XL: |  1  2  3 |
---------------+----------+-----
Fire Magic     | 3 |  3.3
Conjurations   | 1 |  1.5
Spellcasting   | 2 |  2.3
Dodging        | 2 |  2.0
Fighting       | |  0.3
Short Blades   | |  0.5
Stealth        | |  1.9
Unarmed Combat | |  0.6

Action                   || total
-------------------------++-------
Melee: Unarmed           ||    21
       Short sword       ||    28
       Dagger            ||    23
 Cast: Flame Tongue      ||    57
       Throw Flame       ||     8
  Use: Potion            ||    10
       Scroll            ||     6
 Stab: Sleeping          ||     3
  Eat: Chunk             ||     4
       Pizza             ||     1
Armor: Robe              ||    20
Dodge: Dodged            ||    56
